 Dungeon Crawl Stone Soup version 0.24.0-123-gd5b16e6ec5 (webtiles) character file.

Game seed: 8520941202828346853, levelgen mode: deterministic

1905 Amplified the Grave Robber (level 8, -6/74 HPs)
             Began as a Deep Dwarf Ice Elementalist on Jan 1, 2020.
             Was a Follower of Makhleb.
             Mangled by a shadow (25 damage)
             ... on level 9 of the Dungeon.
             The game lasted 00:23:20 (6234 turns).

Amplified the Grave Robber (DDIE)                   Turns: 6234, Time: 00:23:20

Health: -6/74      AC: 12    Str: 14    XL:     8   Next: 94%
Magic:  11/11      EV: 16    Int: 16    God:    Makhleb [*.....]
Gold:   344        SH:  8    Dex: 18    Spells: 8/12 levels left

rFire    . . .     SeeInvis .   s - +2 flail (drain)
rCold    . . .     Gourm    .   n - +2 buckler
rNeg     . . .     Faith    .   i - +4 ring mail {MR+}
rPois    .         Spirit   .   (no helmet)
rElec    .         Reflect  .   m - +2 cloak
rCorr    .         Harm     .   (no gloves)
MR       ++...                  (no boots)
Stlth    +++.......             (no amulet)
HPRegen  0.00/turn              (no ring)
MPRegen  0.12/turn              (no ring)

@: agile, non-regenerating
A: damage resistance, heal wounds, sense surroundings 1, no regeneration
a: Heal Wounds, Renounce Religion


You were on level 9 of the Dungeon.
You worshipped Makhleb.
Makhleb was aware of your devotion.
You were not hungry.

You visited 2 branches of the dungeon, and saw 10 of its levels.

You collected 344 gold pieces.

Inventory:

Hand Weapons
 d - a +1 whip
 g - a +0 hunting sling
 l - a +1 vampiric whip
 s - a +2 flail of draining (weapon)
Missiles
 b - 233 stones (quivered)
 h - 9 sling bullets
 o - 13 poisoned darts
Armour
 a - a +0 robe
 i - a +4 ring mail of magic resistance (worn)
 k - a scarf of resistance
 m - a +2 cloak (worn)
 n - a +2 buckler (worn)
Wands
 q - a wand of digging (4)
 t - a wand of flame (11)
Scrolls
 e - 2 scrolls of remove curse
 f - 2 scrolls of immolation
 p - a scroll of magic mapping
Comestibles
 c - 9 rations


   Skills:
 + Level 5.0 Fighting
 * Level 5.9 Maces & Flails
 - Level 1.1 Armour
 - Level 2.1 Dodging
 - Level 2.4 Stealth
 * Level 4.8 Shields
 - Level 0.3 Unarmed Combat
 - Level 2.6 Spellcasting
   Level 0.8 Conjurations
 * Level 6.3 Necromancy
 - Level 2.6 Ice Magic


You had 8 spell levels left.
You knew the following spells:

 Your Spells              Type           Power        Failure   Level  Hunger
a - Freeze                Ice            ##..         13%         1    #......
b - Vampiric Draining     Necr           ###.......   9%          3    ###....

Your spell library contained the following spells:

 Spells                   Type           Power        Failure   Level  Hunger
 Animate Skeleton         Necr           N/A          3%          1    #......
 Pain                     Necr           ###.         3%          1    #......
 Throw Frost              Conj/Ice       #.....       28%         2    ##.....
 Animate Dead             Necr           N/A          30%         4    #####..
 Ozocubu's Armour         Chrm/Ice       #.......     56%         3    ###....
 Throw Icicle             Conj/Ice       #.......     88%         4    #####..
 Summon Ice Beast         Ice/Summ       #.......     93%         4    #####..
 Regeneration             Chrm/Necr      Unusable     N/A         3    N/A

Dungeon Overview and Level Annotations

Branches:
Dungeon (9/15)             Temple (1/1) D:4
   Lair: D:8-11         Orc: D:9-12

Altars:
Ashenzari
Cheibriados
Dithmenos
Elyvilon
Fedhas
Gozag
Hepliaklqana
Kikubaaqudgha
Makhleb
Nemelex Xobeh
Okawaru
Ru
Sif Muna
Trog
Uskayaw
Vehumet
Wu Jian
Xom
Yredelemnul
Zin
The Shining One

Annotations:
D:3 Grinder, Terence
D:8 Gastronok


Innate Abilities, Weirdness & Mutations

You are resistant to damage.
You can heal yourself by infusing magical energy.
You passively map a small area around you.
You do not regenerate.


Message History

The shadow strikes at you from the darkness!
Reactivating autopickup.
You hit the shadow but do no damage.
The shadow is heavily damaged.
The shadow slips into darkness.
The shadow flickers and vanishes!
Deactivating autopickup; reactivate with Ctrl-A.
You hit something.
The shadow strikes at you from the darkness!
* * * LOW HITPOINT WARNING * * *
Reactivating autopickup.
You block the shadow's attack.
You hit the shadow.
The shadow is severely damaged.
The shadow slips into darkness.
The shadow flickers and vanishes!
Deactivating autopickup; reactivate with Ctrl-A.
You closely miss something.
The shadow strikes at you from the darkness!
You die...

##.#* #.# ,
#...#######.# ,
#........##.#
#..#.#.#.##W# , ,
#.......##.# *
##.#.#.#..#.#
#.........#.#
#..#.#.#....# *
#...)..@{##.#
.############...####+#*
* * .............#...#
, , , ,
.............#.#.# , ,
.............+.#).. , ,
,
.............####....,
,, .............# *....
, ############<# ....
###


There were no monsters in sight!

Vanquished Creatures
  Grum (D:8)
  2 ice beasts (D:5)
  An orc warrior (D:7)
  2 eyes of draining (D:7)
  A phantom (D:4)
  A centaur (D:7)
  2 wolves (D:8)
  2 big kobolds (D:8)
  A scorpion (D:7)
  4 killer bees (D:7)
  A crimson imp (D:5)
  An orc priest (D:5)
  2 hounds
  5 orc wizards
  4 worker ants
  2 hound zombies (D:7)
  A worker ant zombie (D:5)
  2 gnolls (D:2)
  A howler monkey skeleton (D:7)
  6 adders
  A shadow imp (D:6)
  An ooze (D:1)
  An adder skeleton (D:4)
  2 worms (D:2)
  2 dart slugs (D:2)
  4 leopard geckos
  23 orcs
  2 bats
  2 giant cockroaches
  4 goblins
  9 hobgoblins
  9 jackals (D:1)
  5 quokkas
  8 frilled lizards
  14 kobolds
  5 rats
134 creatures vanquished.

Notes
Turn   | Place    | Note
-------+----------+-------------------------------------------
     0 | D:1      | Amplified the Deep Dwarf Ice Elementalist began the quest
                  | for the Orb.
     0 | D:1      | Reached XP level 1. HP: 15/15 MP: 3/3
   314 | D:1      | Reached skill level 1 in Fighting
   407 | D:1      | Reached XP level 2. HP: 18/25 MP: 1/4
  1260 | D:1      | Reached XP level 3. HP: 21/32 MP: 3/5
  1505 | D:2      | Reached skill level 1 in Armour
  1763 | D:2      | Found a sparkling altar of Nemelex Xobeh.
  1840 | D:1      | Reached skill level 1 in Maces & Flails
  2197 | D:2      | You fall into a shaft and drop 1 floor!
  2204 | D:3      | Noticed Grinder
  2209 | D:2      | Reached XP level 4. HP: 6/40 MP: 2/6
  2710 | D:3      | Noticed Terence
  2743 | D:4      | Found a sacrificial altar of Ru.
  2757 | D:4      | Found a basalt altar of Yredelemnul.
  2759 | D:4      | Found an ancient bone altar of Kikubaaqudgha.
  2761 | D:4      | Found an opulent altar of Gozag.
  2774 | D:3      | Reached XP level 5. HP: 20/49 MP: 1/8
  2931 | D:3      | Learned a level 3 spell: Vampiric Draining
  2971 | D:4      | Found a sparkling altar of Nemelex Xobeh.
  3118 | D:4      | Reached skill level 1 in Necromancy
  3216 | D:4      | Noticed a phantom
  3479 | D:4      | Reached skill level 2 in Necromancy
  3479 | D:4      | Reached XP level 6. HP: 54/56 MP: 9/9
  3789 | D:4      | Found a staircase to the Ecumenical Temple.
  3803 | Temple   | Entered the Ecumenical Temple
  3810 | Temple   | Became a worshipper of Makhleb the Destroyer
  3844 | D:4      | Reached skill level 3 in Necromancy
  4159 | D:5      | Entered Level 5 of the Dungeon
  4257 | D:5      | Noticed an ice beast
  4288 | D:5      | Killed an ice beast
  4288 | D:5      | Reached XP level 7. HP: 31/64 MP: 2/10
  4455 | D:5      | Reached skill level 1 in Shields
  4455 | D:5      | Reached skill level 4 in Necromancy
  4693 | D:7      | Found a glowing golden altar of the Shining One.
  4782 | D:7      | Reached * piety under Makhleb
  4823 | D:7      | Reached XP level 8. HP: 41/73 MP: 0/11
  5053 | D:7      | Reached skill level 5 in Necromancy
  5054 | D:7      | Found a bloodstained altar of Trog.
  5201 | D:7      | Reached skill level 5 in Maces & Flails
  5233 | D:7      | Found a shimmering altar of Xom.
  5234 | D:7      | Found a radiant altar of Vehumet.
  5528 | D:7      | Found an ornate altar of the Wu Jian Council.
  5639 | D:8      | Noticed Grum
  5730 | D:8      | Reached skill level 6 in Necromancy
  5906 | D:8      | Killed Grum
  5906 | D:8      | Reached skill level 5 in Fighting
  6011 | D:8      | Noticed Gastronok
  6234 | D:9      | Mangled by a shadow

Levels and vault maps discovered:
D:1:      dpeg_arrival_shelter, layout_basic
D:2:      layout_basic, marbit_many_paths, minmay_fountain_box
D:3:      layout_rooms, minmay_misc_feat_rows, uniq_grinder, uniq_terence
D:4:      layout_rooms, nicolae_ru_path_of_blood, grunt_temple_overflow_open,
          minmay_temple_entry_mini_moons, first_ration,
          nemelex_spade_bored_becter
D:5:      layout_gridville, minmay_manual_mess
D:6:      layout_basic, nicolae_qazlal_general_emergency, glass_columns_a,
          uniq_edmund, uniq_menkaure, uniq_duvessa
D:7:      layout_loops_ring, trog_eyes_of_draining, tso_oasis_becter,
          kennysheep_little_box, gammafunk_temple_overflow_pools
D:8:      layout_cave_pools, serial_shops, shop_fountains,
          minmay_unpleasant_kobolds, uniq_grum, uniq_gastronok
D:9:      layout_basic, serial_glass, glass_columns_b, glass_columns_a,
          due_unseen_surprise, feat_on_display, basic_altar
Temple:   minmay_freezing_vapour_temple

Skill      XL: |  1  2  3  4  5  6  7  8 |
---------------+-------------------------+-----
Fighting       | 1 2 3 4 5 |  5.0
Armour         | 1 |  1.1
Maces & Flails | 1 2 3 4 5 |  5.9
Spellcasting   | 2 |  2.6
Necromancy     | 2 3 4 6 |  6.3
Shields        | 2 4 |  4.8
Dodging        | |  2.1
Stealth        | |  2.4
Unarmed Combat | |  0.3
Conjurations   | |  0.8
Ice Magic      | |  2.6

Action                   |  1- 3 |  4- 6 |  7- 9 || total
-------------------------+-------+-------+-------++-------
Melee: Whip              |    46 |   223 |   380 ||   649
       Flail             |       |       |     5 ||     5
 Fire: Hunting sling     |     3 |    98 |       ||   101
Throw: Stone             |     5 |     2 |       ||     7
 Cast: Freeze            |    62 |    28 |     3 ||    93
       Vampiric Draining |       |     7 |    16 ||    23
 Abil: Heal Wounds       |       |     2 |     3 ||     5
Evoke: Wand              |       |       |     5 ||     5
  Use: Scroll            |     5 |     6 |     6 ||    17
       Potion            |     2 |     1 |     3 ||     6
 Stab: Distracted        |       |     1 |       ||     1
       Invisible         |       |     4 |       ||     4
  Eat: Chunk             |     5 |     9 |     6 ||    20
       Ration            |       |       |     1 ||     1
Armor: Robe              |     5 |       |       ||     5
       Ring mail         |    29 |   102 |   162 ||   293
Dodge: Dodged            |    45 |   143 |   186 ||   374
Block: Buckler           |       |       |   132 ||   132
